Map: Inside and Out

Players

PandaBearMe

  • Race: Zerg Zerg
  • Spawn Location: 1:00

JonSnow - Winner!

  • Race: Zerg Zerg
  • Spawn Location: 7:00

Event: DreamHack SC2 Masters 2022 Atlanta (Offline)

VOD

Have the link to the VOD?

Description

Time

  • Played on: Nov. 18, 2022, 1:40 p.m.
  • Length: 8:47

All games in this series

Show
View Real Time Build Order
Export as new Build Order

PandaBearMe Zerg 

Build Orders: Hatch First 

Get SALT Encoding   

  12  0:00  Drone  
  13  0:13  Overlord  
  13  0:17  Drone  
  14  0:31  Drone  
  14  0:32  Drone  
  16  0:49  Hatchery  
  15  0:52  Drone  
  15  0:54  Drone  
  17  0:58  Drone  
  17  1:00  Extractor  
  17  1:13  Spawning Pool  
  17  1:17  Drone  
  17  1:21  Drone  
  18  1:28  Drone  
  19  1:41  Drone  
  20  1:50  Drone  
  21  1:55  Evolution Chamber  
  21  2:00  Queen x2  
  24  2:03  Zergling x2  
  24  2:05  Drone  
  26  2:11  Overlord  
  26  2:13  Drone  
  27  2:22  Zerg Ground Armor Level 1  
  27  2:26  Drone  
  28  2:32  Drone  
  28  2:34  Drone x2  
  31  2:41  Queen  
  33  2:46  Overlord  
  32  2:55  Metabolic Boost  
  32  3:00  Zergling x4  
  32  3:01  Zergling x2  
  35  3:13  Drone  
  35  3:14  Drone x3  
  35  3:15  Extractor  
  38  3:27  Zergling x2, Overlord  
  38  3:28  Zergling x4, Spine Crawler  
  38  3:32  Extractor  
  39  3:43  Zergling x8  
  39  3:44  Overlord  
  39  3:47  Zergling x2, Baneling Nest  
  45  3:50  Zergling x4  
  45  3:53  Zergling x2  
  49  3:55  Zergling x2  
  49  4:03  Zergling x6  
  52  4:14  Zergling x4  
  54  4:18  Zergling x4, Overlord  
  54  4:20  Zergling x2  
  54  4:23  Zerg Melee Weapons Level 1  
  57  4:24  Zergling x2  
  57  4:30  Zergling x6  
  57  4:41  Drone  
  57  4:42  Drone  
  58  4:51  Zergling x8  
  62  4:55  Hatchery  
  62  4:59  Zergling x4  
  62  5:13  Zergling x8  
  66  5:16  Zergling x2, Overlord  
  67  5:33  Overlord  
  67  5:34  Zergling x2  
  68  5:36  Zergling x2  
  68  5:37  Lair  
  68  5:38  Zergling x8  
  73  5:48  Hatchery  
  65  5:57  Zergling x2  
  65  5:58  Zergling x6  
  65  6:02  Zergling x2  
  65  6:03  Zergling x2  
  66  6:12  Zergling x10  
  66  6:13  Baneling x6  
  66  6:14  Baneling  
  66  6:18  Zergling x2  
  55  6:29  Zergling x4  
  53  6:34  Zergling x4  
  53  6:35  Zergling x4  
  52  6:44  Zergling x12  
  47  6:58  Zergling x4  
  47  6:59  Zergling x4  
  37  7:02  Zergling x4  
  37  7:07  Zergling x4  
  38  7:11  Zergling x2  
  38  7:17  Zergling x2  
  38  7:29  Zergling x6  
  32  7:43  Baneling Nest  
  30  7:52  Drone x2  
  30  7:53  Drone  
  30  7:55  Drone  
  34  8:05  Drone  
  34  8:06  Drone  
  34  8:12  Drone x2  
  38  8:24  Drone x2  
  38  8:25  Drone  
Show
View Real Time Build Order
Export as new Build Order

JonSnow Zerg - Winner!

Build Orders: Hatch First, Roach Nydus 

Get SALT Encoding   

  12  0:04  Drone  
  13  0:12  Overlord  
  13  0:20  Drone  
  14  0:31  Drone x2  
  16  0:48  Hatchery  
  15  0:51  Drone  
  15  0:55  Drone  
  17  0:59  Drone  
  18  1:06  Extractor  
  17  1:13  Spawning Pool  
  17  1:17  Drone  
  17  1:20  Drone  
  18  1:33  Drone  
  19  1:41  Drone  
  20  1:52  Overlord  
  20  2:00  Queen x2  
  25  2:01  Drone  
  25  2:02  Drone  
  26  2:12  Drone  
  26  2:13  Drone  
  28  2:22  Overlord  
  28  2:25  Zergling x2  
  29  2:35  Drone x2  
  29  2:36  Queen  
  33  2:37  Lair  
  33  2:50  Drone  
  34  2:53  Drone x2  
  34  2:56  Drone  
  37  3:00  Evolution Chamber  
  37  3:04  Roach Warren  
  35  3:08  Drone x5  
  40  3:15  Overlord  
  40  3:20  Drone x3  
  40  3:22  Drone  
  40  3:26  Extractor  
  43  3:30  Drone  
  44  3:34  Drone  
  44  3:36  Extractor  
  44  3:39  Queen  
  45  3:43  Overlord  
  45  3:45  Overlord  
  45  3:46  Nydus Network  
  44  3:52  Roach x2  
  44  3:54  Roach  
  50  3:59  Roach  
  50  4:01  Roach  
  54  4:06  Overlord  
  54  4:09  Overseer  
  54  4:10  Roach x2  
  58  4:17  Overlord  
  58  4:26  Roach  
  58  4:27  Roach  
  62  4:33  Roach x3  
  68  4:42  Overlord  
  68  4:46  Nydus Canal  
  68  4:50  Roach  
  70  4:54  Roach  
  70  4:57  Roach  
  74  5:04  Nydus Canal  
  74  5:06  Roach x2  
  78  5:08  Roach  
  78  5:11  Roach  
  78  5:13  Roach  
  78  5:17  Roach  
  80  5:23  Drone  
  80  5:24  Drone x3  
  84  5:34  Queen  
  86  5:37  Queen  
  86  5:42  Overlord  
  88  5:44  Roach  
  90  5:51  Roach  
  90  5:56  Roach  
  92  6:01  Roach x4  
  92  6:04  Roach  
  84  6:20  Nydus Canal  
  78  6:53  Overlord  
  78  6:55  Nydus Canal  
  78  6:56  Overlord  
  78  6:58  Overlord x2  
  78  6:59  Drone  
  78  7:01  Queen x2  
  67  7:03  Roach Warren  
  67  7:08  Drone x2  
  72  7:21  Drone x2  
  50  7:37  Overlord  
  50  7:45  Roach x4  
  50  7:50  Roach  
  60  7:54  Roach  
  62  7:59  Drone  
  62  8:00  Drone  
  64  8:09  Nydus Canal  
  64  8:10  Roach x2  
  68  8:13  Drone  
  68  8:14  Drone  
  68  8:19  Roach  
  72  8:25  Roach x2  
  76  8:28  Nydus Canal  
Tags
 
Add a new tag
Caveats
  • Supply blocks, unpowered buildings, or Contaminate may cause inaccurate times.
  • Supply counts are checked every 10 seconds.